 Dungeon Crawl Stone Soup version 0.25-a0-317-g5f8687bca5 (webtiles) character file.

Game seed: 10650756873403567263, levelgen mode: deterministic

348 Nixze the Firebug (level 6, -1/45 HPs)
             Began as a Draconian Fire Elementalist on Dec 27, 2019.
             Slain by an ogre
             ... wielding a +0 giant club
              (9 damage)
             ... on level 4 of the Dungeon.
             The game lasted 00:09:04 (3102 turns).

Nixze the Firebug (Draconian Fire Elementalist)     Turns: 3102, Time: 00:09:05

Health: -1/45      AC:  6    Str: 10    XL:     6   Next: 33%
Magic:  6/9        EV: 12    Int: 17    God:
Gold:   114        SH:  0    Dex: 15    Spells: 2/9 levels left

rFire    . . .     SeeInvis .   g - -1 hand axe (curse)
rCold    . . .     Gourm    .   (no shield)
rNeg     . . .     Faith    .   (armour unavailable)
rPois    .         Spirit   .   (helmet restricted)
rElec    .         Reflect  .   (no cloak)
rCorr    .         Harm     .   (no gloves)
MR       .....                  (no boots)
Stlth    ++........             l - amulet of regeneration
HPRegen  0.55/turn              i - +3 ring of dexterity
MPRegen  0.11/turn              (no ring)

@: no status effects
A: unfitting armour, cold-blooded, AC +6
a: no special abilities


You were on level 4 of the Dungeon.
You were hungry.

You visited 1 branch of the dungeon, and saw 4 of its levels.

You collected 114 gold pieces.

Inventory:

Hand Weapons
 c - a +3 flail of protection
 g - a cursed -1 hand axe (weapon)
Missiles
 f - a throwing net (quivered)
Jewellery
 i - a +3 ring of dexterity (left hand)
 l - an amulet of regeneration (around neck)
 p - an uncursed ring of magical power
Scrolls
 d - 3 scrolls of identify {unknown}
 h - a scroll of immolation {unknown}
 n - a scroll of amnesia {unknown}
 o - 2 scrolls of fog {unknown}
 q - a scroll of magic mapping {unknown}
Potions
 a - 5 potions of curing {unknown}
 e - a potion of invisibility {unknown}
 j - a potion of heal wounds {unknown}
 k - a potion of lignification {unknown}
 m - 2 potions of agility {unknown}
Comestibles
 b - 16 rations


   Skills:
 + Level 0.2 Fighting
 + Level 1.8 Dodging
 - Level 1.7 Stealth
 + Level 2.0 Spellcasting
 + Level 1.1 Conjurations
 + Level 0.1 Hexes
 + Level 7.0 Fire Magic


You had 2 spell levels left.
You knew the following spells:

 Your Spells              Type           Power        Failure   Level  Hunger
a - Foxfire               Conj/Fire      ###.         3%          1    #......
b - Conjure Flame         Conj/Fire      ###.....     11%         3    ###....
c - Inner Flame           Hex/Fire       ##......     13%         3    ###....

Your spell library contained the following spells:

 Spells                   Type           Power        Failure   Level  Hunger
 Beastly Appendage        Tmut           #.....       19%         1    #......
 Confusing Touch          Hex            #.....       19%         1    #......
 Sticks to Snakes         Tmut           #.......     28%         2    ###....
 Sticky Flame             Conj/Fire      ###.....     34%         4    #####..
 Confuse                  Hex            #.......     47%         3    ###....
 Gell's Gravitas          Tloc           #.........   50%         3    ###....
 Spider Form              Tmut/Pois      #.........   50%         3    ###....
 Fireball                 Conj/Fire      ###.......   69%         5    ######.
 Ice Form                 Ice/Tmut       #.......     88%         4    #####..
 Petrify                  Tmut/Erth      #.......     88%         4    #####..
 Blade Hands              Tmut           #.........   99%         5    ######.
 Metabolic Englaciation   Hex/Ice        #.........   99%         5    ######.
 Yara's Violent Unravell  Hex/Tmut       #.........   99%         5    ######.


Dungeon Overview and Level Annotations

Branches:
Dungeon (4/15)
 Temple: D:4-7

Altars:
Okawaru
Yredelemnul

Annotations:
D:3 Wall Trove
D:4 1 runed translucent door, Crazy Yiuf


Innate Abilities, Weirdness & Mutations

Your plain brown scales are hard. (AC +6)
You cannot fit into any form of body armour.
You are cold-blooded and may be slowed by cold attacks.


Message History

You hit the ogre. The crimson imp barely misses you.
The ogre barely misses you.
The crimson imp hits you with a +0 falchion.
Casting: Foxfire (safe; 3% risk of failure)
Confirm with . or Enter, or press ? or * to list all spells.
You conjure some foxfire!
The foxfire hits the crimson imp but does no damage.
The foxfire hits the crimson imp.
The crimson imp completely resists.
The ogre completely misses you. The crimson imp closely misses you.
Casting: Foxfire (safe; 3% risk of failure)
Confirm with . or Enter, or press ? or * to list all spells.
You conjure some foxfire!
The crimson imp hits you with a +0 falchion.
The ogre hits you with a +0 giant club!
The foxfire hits the crimson imp but does no damage.
The foxfire hits the crimson imp.
The crimson imp completely resists.
The crimson imp hits you with a +0 falchion.
* * * LOW HITPOINT WARNING * * *
The ogre hits you with a +0 giant club!
You die...

#....# #...# .. #...##
#...###... #...#
#........ ##...##
##....... #.....##
####....#..... .......#
###....$..#.....
..##.#####.........####.#
#.#..# #...#....5O.# .#
#...###..# #....@..#
...###..# #####§###
..####.## #...### #
..#.....# #.....##.###
....#...# ####..##......#
........##
#..÷....##.##....
.........## #...†...# .#
#
..###.....###.......##.##
..# #...#...#............


You could see an ogre and a crimson imp.

Vanquished Creatures
  Edmund (D:3)
  A scorpion (D:4)
  A howler monkey (D:3)
  A hound (D:4)
  7 adders
  An ooze (D:3)
  A dart slug (D:3)
  A leopard gecko (D:4)
  5 bats
  3 giant cockroaches
  8 goblins
  6 hobgoblins
  2 jackals
  3 quokkas
  3 frilled lizards
  5 kobolds
  8 rats
57 creatures vanquished.

Vanquished Creatures (others)
  205 foxfires
205 creatures vanquished.

Grand Total: 262 creatures vanquished

Notes
Turn   | Place    | Note
-------+----------+-------------------------------------------
     0 | D:1      | Nixze the Draconian Fire Elementalist began the quest for
                  | the Orb.
     0 | D:1      | Reached XP level 1. HP: 14/14 MP: 3/3
   458 | D:1      | Reached XP level 2. HP: 20/20 MP: 1/5
  1183 | D:2      | Reached skill level 4 in Fire Magic
  1218 | D:2      | Reached XP level 3. HP: 26/26 MP: 2/6
  1430 | D:2      | Found a basalt altar of Yredelemnul.
  1430 | D:2      | Found an iron altar of Okawaru.
  1857 | D:3      | Reached skill level 5 in Fire Magic
  1857 | D:3      | Reached XP level 4. HP: 33/33 MP: 4/7
  1888 | D:3      | Learned a level 3 spell: Conjure Flame
  1892 | D:3      | Learned a level 3 spell: Inner Flame
  2481 | D:4      | Noticed Edmund
  2493 | D:3      | Reached XP level 5. HP: 37/38 MP: 3/8
  2732 | D:3      | Killed Edmund
  2732 | D:3      | Reached skill level 6 in Fire Magic
  2857 | D:4      | Found a runed translucent door.
  2858 | D:4      | Noticed Crazy Yiuf
  2962 | D:4      | Reached skill level 7 in Fire Magic
  2962 | D:4      | Reached XP level 6. HP: 40/45 MP: 1/9
  3102 | D:4      | Slain by an ogre

Levels and vault maps discovered:
D:1:      dpeg_arrival_lava_temple_mockup, layout_basic,
          minmay_indecisive_spiral
D:2:      layout_rooms, chequers_temple_overflow_statue_of_worship,
          dk_vineyard_2
D:3:      layout_rooms, due_unseen_surprise
D:4:      layout_rooms, first_ration, minmay_misc_feat_chi, minmay_small_thing,
          uniq_edmund, uniq_crazy_yiuf_cottage

Skill      XL: |  1  2  3  4  5 |
---------------+----------------+-----
Fire Magic     | 4 5 7 |  7.0
Fighting       | |  0.2
Dodging        | |  1.8
Stealth        | |  1.7
Spellcasting   | |  2.0
Conjurations   | |  1.1
Hexes          | |  0.1

Action                   |  1- 3 |  4- 6 || total
-------------------------+-------+-------++-------
Melee: Unarmed           |     7 |       ||     7
       Tailslap          |     2 |     1 ||     3
       Club              |     3 |       ||     3
       Hand axe          |     6 |    10 ||    16
Throw: Throwing net      |       |     1 ||     1
 Cast: Foxfire           |    55 |    65 ||   120
       Conjure Flame     |       |     1 ||     1
  Eat: Chunk             |     4 |     4 ||     8
Armor: Skin              |    16 |    14 ||    30
Dodge: Dodged            |    42 |    31 ||    73

Table legend:
 A = Non-vault XP
 B = Vault XP
 C = Vault XP percentage of total XP
 D = Non-vault monster count
 E = Vault monster count
 F = Vault count percentage of total count
                 A         B        C        D         E       F
            +---------+---------+-------+---------+---------+-------
      Total |     334 |     164 |  32.9 |      52 |       5 |   8.8
            +---------+---------+-------+---------+---------+-------
        D:1 |      20 |       6 |  23.1 |      12 |       4 |  25.0
        D:2 |      43 |       0 |   0.0 |      13 |       0 |   0.0
        D:3 |     132 |     158 |  54.5 |      22 |       1 |   4.3
        D:4 |     139 |       0 |   0.0 |       5 |       0 |   0.0
            +---------+---------+-------+---------+---------+-------
